 Dungeon Crawl Stone Soup version 0.31-a0-484-g30e62f8 (webtiles) character file.

Game seed: 6604184170241416376

265 Shapeshifting the Changeling (level 6, -5/41 HPs)
             Began as an Octopode Shapeshifter on Aug 7, 2023.
             Was an Elder of Jiyva.
             Killed by nerve-wracking pain
             ... invoked by an orc priest
              (10 damage)
             ... on level 4 of the Dungeon.
             The game lasted 00:05:46 (2748 turns).

Shapeshifting the Changeling (OpSh)                 Turns: 2748, Time: 00:05:47

Health: -5/41      AC:  1    Str: 13    XL:     6   Next: 20%
Magic:  10/10      EV: 13    Int: 16    God:    Jiyva [****..]
Gold:   45         SH:  0    Dex: 12    Spells: 8/8 levels left

rFire   . .          .
                       - Unarmed
rCold   . . .        (no shield)
rNeg    . . .        (helmet currently unavailable)
rPois   .            h - amulet of faith
rElec   .            (no ring)
rCorr   +            (no ring)
SInv    .            (no ring)
Will    .....        (no ring)
Stlth   ++           (no ring)
HPRegen 1.54/turn    (no ring)
MPRegen 0.52/turn    (no ring)
                     (no ring)

%: faith
@: confused, beast-form, ambrosia-drunk
A: beast (slay +2), almost no armour, amphibious, 8 rings, camouflage 1,
gelatinous body 1, (nimble swimmer 1), tentacles, clever 1, high MP 3
a: Begin Untransformation, Renounce Religion, Oozemancy, Slimify


You were on level 4 of the Dungeon.
You worshipped Jiyva.
Jiyva was greatly pleased with you.
You were a hulking beast.
You visited 1 branch of the dungeon, and saw 4 of its levels.

You collected 45 gold pieces.

Inventory:

Missiles
 n - a throwing net
Jewellery
 h - an amulet of faith (around mantle)
Talismans
 b - a beast talisman (active)
Scrolls
 c - 2 scrolls of silence {unknown}
 d - a scroll of torment {unknown}
 e - 2 scrolls of enchant weapon {unknown}
 g - a scroll of teleportation {unknown}
 j - 2 scrolls of identify {unknown}
 k - a scroll of blinking {unknown}
 o - a scroll of immolation {unknown}
Potions
 a - a potion of brilliance {unknown}
 f - a potion of ambrosia
 i - a potion of degeneration {unknown}
 l - a potion of heal wounds {unknown}
 m - a potion of attraction {unknown}


   Skills:
 + Level 2.4 Fighting
 + Level 3.0 Dodging
 + Level 2.7 Stealth
 + Level 3.6 Unarmed Combat
 + Level 1.6 Spellcasting
 * Level 4.0 Shapeshifting


You had 8 spell levels left.
You didn't know any spells.
Your spell library was empty.

Dungeon Overview and Level Annotations

Branches:
Dungeon (4/15)             Temple (0/1) D:4

Altars:
Jiyva

Shops:
D:3 :


Innate Abilities, Weirdness & Mutations

You are a hulking beast.
Your limbs bulge with bestial killing power. (Slay +2)
You cannot wear most types of armour.
You are amphibious.
You can wear up to eight rings at the same time.
Your skin changes colour to match your surroundings (Stealth+).
Your rubbery body absorbs attacks. (AC +1, EV +1)
((You are camouflaged when in or above water. (Stealth+)))
You have tentacles for arms and can constrict up to eight enemies at once.
Your mind is acute. (Int +4, Str/Dex -1)
You have a greatly increased reservoir of magic. (+30% MP)


Message History

Something writhes in agony.
You hear a series of splatters.
You're too confused to move!
The orc priest looks encouraged for a moment.
The orc priest mumbles some strange prayers to Beogh against you.
Beogh smites you!
You feel less confused.
You hear some strange, mumbled words.
Something tries to affect you, but you resist.
You hear some strange, mumbled words.
A magic dart appears from out of thin air!
The magic dart hits you.
You tentacle-slap something but do no damage.
Something hits you. x2
You barely miss something. Something hits you.
You tentacle-slap the orc priest. Your grab misses the orc priest.
The orc priest is moderately wounded.
Something hits you. x2
* * * LOW HITPOINT WARNING * * *
The orc priest closely misses you.
You tentacle-slap the orc priest. You grab the orc priest.
You squeeze the orc priest.
The orc priest is almost dead.
You constrict the orc priest, but do no damage.
Something hits you.
* * * LOW HITPOINT WARNING * * *
Something hits you.
* * * LOW HITPOINT WARNING * * *
The orc priest hits you with a +0 club.
* * * LOW HITPOINT WARNING * * *
It was a potion of ambrosia.
You are confused.
You feel invigorated.
You constrict the orc priest, but do no damage.
Something hits you.
* * * LOW HITPOINT WARNING * * *
Something hits you but does no damage.
The orc priest invokes the aid of Beogh against you.
Pain shoots through your body!
You die...

##....# ... #...#.# ..
#<..#.# ## .#
##+###.#.###.. .#
#........)..#.# .#
#......)))..#.# .#
#...........#.#
.#####...........#o#####.
..........).....hoo......
######..........{########
#############


You could see 2 orc priests and an orc.

Vanquished Creatures
  A phantom (D:4)
  An iguana (D:4)
  A gnoll (D:4)
  7 adders
  A worm (D:2)
  3 dart slugs
  8 orcs
  5 ball pythons
  An endoplasm (D:1)
  3 giant cockroaches
  7 goblins
  8 hobgoblins
  4 jackals (D:1)
  6 kobolds
  3 quokkas
  6 bats
  5 frilled lizards
  6 rats
  A spectral goblin (D:1)
77 creatures vanquished.

Vanquished Creatures (others)
  A jelly (D:4)
  2 adders
  2 ball pythons (D:2)
  4 endoplasms
  2 giant cockroaches
  A goblin (D:4)
  3 jackals (D:2)
  2 bats
  3 kobolds
20 creatures vanquished.

Grand Total: 97 creatures vanquished

Notes
Turn   | Place    | Note
-------+----------+-------------------------------------------
     0 | D:1      | Shapeshifting the Octopode Shapeshifter began the quest for
                  | the Orb.
     0 | D:1      | Reached XP level 1. HP: 13/13 MP: 1/1
   102 | D:1      | Reached XP level 2. HP: 14/18 MP: 2/2
   294 | D:1      | Reached skill level 1 in Stealth
   346 | D:1      | Found a faded altar of an unknown god.
   356 | D:1      | Prayed at the altar of an unknown god.
   356 | D:1      | Became a worshipper of Jiyva Joost the Shapeless
   356 | D:1      | Reached * piety under Jiyva
   382 | D:1      | Reached XP level 3. HP: 23/23 MP: 3/3
  1045 | D:2      | Reached XP level 4. HP: 26/28 MP: 5/5
  1159 | D:2      | Reached skill level 1 in Spellcasting
  1464 | D:2      | Reached ** piety under Jiyva
  1855 | D:3      | Reached *** piety under Jiyva
  1997 | D:3      | Gained mutation: You have an increased reservoir of magic.
                  | (+10% MP) [Jiyva's grace]
  1997 | D:3      | Gained mutation: You have a considerably increased
                  | reservoir of magic. (+20% MP) [Jiyva's grace]
  1997 | D:3      | Gained mutation: You have a greatly increased reservoir of
                  | magic. (+30% MP) [Jiyva's grace]
  1997 | D:3      | Gained mutation: Your mind is acute. (Int +4, Str/Dex -1)
                  | [Jiyva's grace]
  2025 | D:3      | Found Qotealo's Book Shop.
  2078 | D:3      | Reached XP level 5. HP: 34/34 MP: 8/8
  2265 | D:4      | Noticed a phantom
  2268 | D:4      | Found a staircase to the Ecumenical Temple.
  2275 | D:4      | Killed a phantom
  2279 | D:4      | Reached skill level 4 in Shapeshifting
  2279 | D:4      | Reached XP level 6. HP: 37/39 MP: 10/10
  2708 | D:4      | Reached **** piety under Jiyva
  2748 | D:4      | Killed from afar by an orc priest

Illustrated notes

Levels and vault maps discovered:
D:1:      dpeg_arrival_water_fire, layout_loops_ring,
          dreamdust_ecumenical_altar_drowned_temple, minmay_misc_feat_roman
D:2:      kb_forest_paths, layout_loops_cross, serial_shops, shop
D:3:      layout_basic, serial_shops, nicolae_shop_trees
D:4:      layout_basic, minmay_temple_entry_junction

Skill      XL: |  1  2  3  4  5 |
---------------+----------------+-----
Stealth        | 1 2 |  2.7
Spellcasting   | 1 |  1.6
Fighting       | 2 |  2.4
Dodging        | 3 |  3.0
Shapeshifting  | 4 |  4.0
Unarmed Combat | |  3.6

Action                     |  1- 3 |  4- 6 || total
---------------------------+-------+-------++-------
  Melee: Unarmed           |    61 |    93 ||   154
         Tentacles         |    13 |    20 ||    33
         Constrict         |    16 |    24 ||    40
         Punch             |     1 |     4 ||     5
    Use: Potion            |       |     2 ||     2
   Stab: Sleeping          |     5 |     8 ||    13
 Armour: Skin              |     2 |    14 ||    16
  Dodge: Dodged            |    46 |    84 ||   130

Table legend: (Time is in decaauts)
 A = Elapsed time spent in this place.
 B = Non-inter-level travel time spent in this place.
 C = Inter-level travel time spent in this place.
 D = Time resting spent in this place.
 E = Time spent auto-exploring this place.
 F = Levels seen in this place.
 G = Mean time per level.
                   A        B        C        D        E       F      G
               +--------+--------+--------+--------+--------+-----+--------+
         Total |   2749 |   2509 |    240 |    183 |   1812 |   4 |  687.2 |
       Dungeon |   2749 |   2509 |    240 |    183 |   1812 |   4 |  687.2 |
               +--------+--------+--------+--------+--------+-----+--------+

Top non-repeatable levels by time:
     D:3: 964 daAuts
     D:1: 949 daAuts
     D:2: 566 daAuts
     D:4: 269 daAuts
